 Dungeon Crawl Stone Soup version 0.18-a0-1006-g6b5bfb2 (console) character file.

18 FIQ the Conjurer (level 2, 0/21 HPs)
             Began as a Demonspawn Wanderer on Jan 6, 2016.
             Succumbed to a worker ant's poison
             ... on level 1 of the Dungeon.
             The game lasted 00:04:29 (1040 turns).

FIQ the Conjurer (Demonspawn Wanderer)              Turns: 1040, Time: 00:04:29

Health: 0/21       AC:  5    Str: 12    XL:     2   Next: 51%
Magic:  0/4        EV: 11    Int: 15    God:
Gold:   13         SH:  0    Dex: 10    Spells: 1 memorised, 1 level left

rFire  . . .     SeeInvis .     d - +0 club
rCold  . . .     Gourm    .     a - +2 leather armour
rNeg   . . .     Faith    .     (no shield)
rPois  .         Spirit   .     (no helmet)
rElec  .         Dismiss  .     (no cloak)
rCorr  .         Reflect  .     (no gloves)
SustAt .         Harm     .     (no boots)
MR     .....                    (no amulet)
Stlth  +.........               (no ring)
                                (no ring)

@: lethally poisoned (0 -> -15), not resistant to hostile enchantments, very
unstealthy
A: demonic guardian 1
a: no special abilities


You were on level 1 of the Dungeon.
You were not hungry.

You visited 1 branch of the dungeon, and saw 1 of its levels.

You collected 13 gold pieces.

Inventory:

Hand Weapons
 d - a +0 club (weapon)
 e - a +0 dagger
Armour
 a - a +2 leather armour (worn)
Scrolls
 b - a scroll of teleportation
 g - 2 scrolls of identify {unknown}
 h - a scroll of immolation {unknown}
 j - a scroll of random uselessness {unknown}
 k - a scroll of remove curse {unknown}
Books
 c - Gosazxon's Tome of Battle Magic

   Spells                             Type                      Level
   a - Sting                          Conjuration/Poison           1
   b - Searing Ray                    Conjuration                  2
Comestibles
 f - a bread ration
 i - 2 chunks of flesh


   Skills:
 + Level 1.3 Fighting
 + Level 0.3 Maces & Flails
 + Level 1.3 Dodging
 - Level 1.7 Stealth
   Level 1.0 Shields
 * Level 1.3 Spellcasting
 - Level 5.0 Conjurations


You had one spell level left.
You knew the following spells:

 Your Spells              Type           Power        Failure   Level  Hunger
a - Searing Ray           Conj           ###...       8%          2    ###....


Dungeon Overview and Level Annotations

Branches:
Dungeon (1/15)

Altars:


Innate Abilities, Weirdness & Mutations

A weak demonic guardian rushes to your aid.


Message History

The worker ant barely misses you.
The searing ray hits the worker ant.
The worker ant is moderately wounded.
You feel sick. The worker ant bites you.
The searing ray hits the worker ant.
The worker ant is severely wounded.
The worker ant bites you.
Your crimson imp hits the worm.
You feel sick. The worker ant bites you!
* * * LOW HITPOINT WARNING * * *
You are more poisoned.
The worker ant poisons you!
You closely miss the worker ant.
The worker ant is severely wounded.
* * * LOW HITPOINT WARNING * * *
You feel sick.
Your crimson imp barely misses the worm.
The worker ant closely misses you.
You barely miss the worker ant.
The worker ant is severely wounded.
You die...

### #.# ########.# #####...wa@..#
.......5.###.#########
############.#.###.........######
...................#.............
......##.###.#.###.#.#####.######
.............#.# #.#.#...........
#####..#.#####.# #.#.#.###.#.....
# #.........#.# #.#.#..##.#.....
####...#.###.#.###.#.#..##.#.....
........................##.#.....
.................................


You could see a worm, a worker ant and a friendly crimson imp.

Vanquished Creatures
  A giant cockroach (D:1)
  5 goblins (D:1)
  3 hobgoblins (D:1)
  3 jackals (D:1)
  A bat (D:1)
  2 giant newts (D:1)
  2 rats (D:1)
17 creatures vanquished.

Notes
Turn   | Place    | Note
--------------------------------------------------------------
     0 | D:1      | FIQ the Demonspawn Wanderer began the quest for the Orb.
     0 | D:1      | FIQ set off with: a +2 leather armour, a scroll of teleportation, Gosazxon's Tome of Battle Magic, a +0 club, a +0 dagger, a bread ration
     0 | D:1      | Reached XP level 1. HP: 15/15 MP: 1/1
     0 | D:1      | Identified Gosazxon's Tome of Battle Magic
   321 | D:1      | Reached skill level 1 in Spellcasting
   334 | D:1      | Gained mutation: A weak demonic guardian rushes to your aid. [demonic ancestry]
   334 | D:1      | Reached XP level 2. HP: 8/21 MP: 3/3
   523 | D:1      | Learned a level 2 spell: Searing Ray
  1040 | D:1      | Succumbed to a worker ant's poison

Vault maps used:
D:1:      erik_arrival_blinker_ship

Action                   || total
-------------------------++-------
Melee: Club              ||    92
 Cast: Searing Ray       ||     2
  Use: Scroll            ||     1
       Potion            ||     1
 Stab: Sleeping          ||     1
  Eat: Chunk             ||     1
